Map: [ESL] Berlingrad

Players

Spirit - Winner!

  • Race: Terran Terran

DRG

  • Race: Zerg Zerg

Event: IEM Katowice 2022

VOD

Have the link to the VOD?

Description

Time

  • Played on: Feb. 23, 2022, 6:28 a.m.
  • Length: 9:50

All games in this series

Show
View Real Time Build Order
Export as new Build Order

Spirit Terran - Winner!

Build Orders: Command Center First (CC), Hellion Banshee 

Get SALT Encoding   

  12  0:00  SCV  
  13  0:12  SCV  
  14  0:17  Supply Depot  
  14  0:24  SCV  
  15  0:38  SCV  
  16  0:50  SCV  
  17  1:00  Command Center  
  17  1:03  SCV  
  18  1:15  Barracks  
  18  1:16  SCV  
  19  1:22  Refinery  
  19  1:26  Refinery  
  19  1:30  SCV  
  20  1:42  SCV  
  21  1:54  SCV  
  22  2:03  Reaper  
  22  2:06  Orbital Command  
  23  2:11  Orbital Command  
  23  2:21  Factory  
  23  2:32  SCV  
  23  2:35  Barracks Reactor  
  24  2:37  SCV  
  25  2:44  SCV  
  25  2:49  SCV  
  27  2:55  Command Center  
  27  2:56  SCV  
  28  3:01  SCV  
  29  3:06  Starport  
  29  3:08  SCV  
  29  3:12  Supply Depot  
  30  3:13  SCV  
  30  3:18  Hellion  
  30  3:19  Hellion  
  35  3:22  SCV  
  35  3:23  Barracks Tech Lab  
  36  3:27  SCV  
  37  3:34  SCV  
  37  3:39  SCV  
  43  3:46  SCV  
  44  3:49  Cloaking Field  
  44  3:51  SCV  
  44  3:54  Banshee  
  44  3:55  Barracks Tech Lab  
  44  3:58  Hellion  
  46  4:04  Supply Depot  
  46  4:07  SCV x2, Hellion, Orbital Command  
  50  4:13  Stimpack  
  49  4:19  SCV x2  
  49  4:23  Hellion  
  53  4:28  Supply Depot, Hellion  
  57  4:31  SCV x2  
  57  4:33  Supply Depot, SCV  
  57  4:38  Banshee  
  61  4:43  SCV x2  
  63  4:45  SCV  
  63  4:49  Refinery  
  63  4:51  Supply Depot, Refinery  
  64  4:55  SCV, Factory Reactor  
  64  4:56  Barracks  
  64  4:58  Barracks  
  64  4:59  Engineering Bay  
  65  5:00  Engineering Bay  
  65  5:01  SCV  
  67  5:11  Supply Depot  
  67  5:13  Barracks x2, Orbital Command, Marine  
  67  5:15  SCV x2  
  69  5:27  SCV x2  
  69  5:28  Terran Infantry Weapons Level 1, Terran Infantry Armor Level 1  
  71  5:31  Starport Reactor  
  71  5:36  Bunker  
  71  5:38  Siege Tank  
  71  5:39  SCV, Marine  
  71  5:40  Supply Depot, SCV  
  77  5:46  Marine  
  78  5:51  Marine  
  78  5:54  Marine  
  78  5:55  SCV  
  78  5:56  Combat Shield  
  81  5:57  Marine x2  
  83  6:04  SCV, Marine  
  83  6:09  Barracks Reactor x2, Marine  
  83  6:10  SCV x2, Siege Tank  
  91  6:12  Refinery  
  91  6:16  Supply Depot, Marine  
  91  6:17  SCV, Marine  
  94  6:19  Supply Depot  
  94  6:22  SCV x2, Medivac x2  
  94  6:24  Marine x2  
  102  6:27  Marine  
  102  6:29  SCV  
  104  6:34  SCV, Marine  
  104  6:35  SCV, Marine  
  108  6:41  SCV, Marine  
  108  6:42  Marine  
  108  6:43  Siege Tank  
  108  6:45  Supply Depot, Marine  
  108  6:46  Supply Depot  
  108  6:47  SCV, Marine x2  
  116  6:48  Armory  
  116  6:52  Marine  
  119  6:54  Marine  
  119  6:56  Marine x2  
  119  6:59  Marine x2  
  119  7:00  SCV  
  125  7:06  Marine x3, Medivac x2  
  125  7:07  SCV  
  133  7:09  Supply Depot, Marine  
  133  7:11  Supply Depot  
  133  7:12  Marine  
  133  7:14  Marine x2  
  137  7:17  Marine x2  
  137  7:21  Supply Depot  
  139  7:24  Marine  
  139  7:25  Marine  
  141  7:31  Marine x3, Siege Tank  
  141  7:33  Marine x2  
  141  7:35  Marine x2  
  141  7:36  Medivac x2  
  155  7:42  Marine  
  156  7:46  Supply Depot, Marine  
  156  7:48  Supply Depot  
  157  7:51  Marine  
  157  7:55  Marine x3  
  157  7:57  Marine  
  157  7:58  Marine  
  162  8:01  Marine  
  162  8:03  Siege Tank  
  162  8:04  Marine  
  165  8:07  Marine  
  165  8:09  Marine  
  165  8:17  Marine  
  165  8:18  Marine  
  149  8:22  Marine  
  149  8:25  Marine  
  149  8:26  SCV  
  150  8:31  Medivac  
  150  8:32  Marine  
  150  8:33  Marine  
  150  8:35  Siege Tank  
  150  8:37  Marine  
  154  8:43  Marine x5  
  154  8:45  Marine  
  160  8:50  Marine  
  160  8:51  Marine, Command Center  
  160  8:55  Marine  
  148  9:00  Marine  
  148  9:01  Marine x4  
  153  9:03  Marine  
  153  9:05  Missile Turret x3  
  153  9:07  Siege Tank  
  153  9:08  Marine  
  153  9:09  Marine  
  159  9:13  Marine  
  159  9:16  Factory  
  148  9:18  Marine x3  
  134  9:25  Marine  
  134  9:26  Marine x3  
  134  9:28  Marine  
  134  9:30  Marine  
  134  9:36  Barracks  
  134  9:37  Barracks, SCV  
  136  9:39  Barracks  
Show
View Real Time Build Order
Export as new Build Order

DRG Zerg 

Build Orders: Hatch First 

Get SALT Encoding   

  12  0:00  Drone  
  13  0:12  Overlord  
  13  0:17  Drone  
  14  0:30  Drone x2  
  16  0:48  Hatchery  
  15  0:51  Drone  
  15  0:54  Drone  
  17  0:57  Drone  
  18  1:08  Extractor  
  17  1:13  Spawning Pool  
  17  1:16  Drone  
  17  1:19  Drone  
  18  1:27  Drone  
  19  1:38  Drone  
  20  1:49  Drone  
  21  1:59  Queen  
  21  2:00  Queen  
  21  2:01  Zergling x2  
  26  2:03  Zergling x2  
  27  2:10  Drone  
  27  2:12  Overlord  
  28  2:19  Hatchery  
  28  2:22  Drone  
  28  2:31  Drone  
  28  2:32  Drone x2  
  31  2:38  Queen  
  31  2:43  Metabolic Boost  
  33  2:48  Overlord  
  33  2:49  Drone  
  34  2:53  Drone  
  34  2:56  Drone  
  36  3:04  Overlord  
  36  3:08  Drone x4  
  40  3:14  Queen  
  40  3:17  Drone  
  40  3:18  Drone  
  43  3:27  Drone  
  43  3:28  Drone  
  43  3:31  Queen  
  43  3:32  Overlord  
  47  3:39  Drone x2  
  47  3:41  Drone x2  
  51  3:45  Zergling x4  
  51  3:46  Drone  
  51  3:47  Drone  
  55  3:49  Queen  
  55  3:52  Drone x2  
  55  3:55  Overlord  
  59  4:00  Drone  
  59  4:01  Drone  
  61  4:06  Drone  
  61  4:08  Queen  
  64  4:13  Drone  
  64  4:14  Drone  
  67  4:17  Drone x2  
  67  4:19  Drone  
  67  4:21  Overlord  
  67  4:23  Drone x4  
  73  4:30  Overlord  
  73  4:33  Overlord  
  73  4:35  Overlord  
  73  4:39  Drone, Queen  
  73  4:40  Drone x2  
  73  4:41  Lair  
  73  4:44  Extractor  
  73  4:45  Extractor, Baneling Nest, Zergling x8  
  80  4:48  Queen  
  80  4:50  Drone  
  82  4:54  Spore Crawler  
  82  4:55  Spore Crawler  
  82  4:56  Spore Crawler, Drone  
  82  4:58  Drone  
  82  4:59  Drone  
  81  5:00  Drone  
  81  5:02  Drone x2  
  81  5:04  Extractor x2  
  81  5:06  Drone x2, Extractor  
  83  5:10  Drone x2  
  83  5:12  Drone  
  83  5:13  Drone  
  87  5:17  Zergling x6  
  87  5:19  Drone  
  91  5:21  Overlord  
  91  5:24  Drone  
  91  5:25  Overlord  
  91  5:27  Drone x2  
  94  5:34  Drone x2  
  96  5:37  Drone  
  96  5:39  Overseer  
  96  5:40  Hatchery, Drone x3  
  96  5:42  Centrifugal Hooks  
  99  5:44  Overlord  
  99  5:50  Overlord  
  99  5:51  Zergling x4  
  101  6:04  Drone x2  
  101  6:09  Zergling x2  
  101  6:10  Zergling x6  
  105  6:12  Hatchery, Zergling x6, Spire  
  106  6:18  Zergling x2  
  106  6:20  Drone  
  106  6:21  Drone x2  
  106  6:25  Overlord  
  108  6:28  Overlord  
  108  6:30  Baneling x5  
  108  6:34  Drone x7  
  108  6:35  Overlord  
  115  6:40  Overlord x2  
  115  6:53  Queen  
  116  6:57  Baneling  
  116  7:09  Drone, Extractor x2  
  116  7:10  Drone  
  116  7:12  Evolution Chamber x2  
  114  7:23  Mutalisk x15  
  114  7:25  Zergling x6  
  114  7:27  Baneling  
  114  7:29  Baneling x2  
  147  7:34  Zergling x8  
  151  7:38  Zergling x2, Zerg Flyer Weapons Level 1  
  151  7:39  Zergling x16  
  151  7:41  Drone, Queen  
  162  7:45  Zergling x4  
  163  7:51  Baneling x4  
  163  7:52  Baneling, Zergling x8  
  163  7:55  Mutalisk  
  169  8:01  Zergling x2  
  169  8:02  Zergling x16  
  176  8:06  Zergling x8  
  176  8:10  Baneling  
  175  8:16  Mutalisk x5  
  175  8:19  Zergling x8  
  158  8:22  Baneling x4  
  156  8:32  Drone  
  139  8:34  Baneling x6  
  139  8:38  Zergling x2  
  139  8:39  Zergling x14  
  138  8:46  Zergling x2  
  138  8:47  Zergling x6  
  135  8:54  Mutalisk x2  
  130  8:57  Overseer  
  130  8:58  Zergling x12  
  133  9:03  Baneling x5  
  100  9:24  Mutalisk x3  
  100  9:29  Zergling x14  
  100  9:39  Extractor  

Tags
 
Add a new tag
Caveats
  • Supply blocks, unpowered buildings, or Contaminate may cause inaccurate times.
  • Supply counts are checked every 10 seconds.